 Dungeon Crawl Stone Soup version 0.26-a0-651-gb41185065b (webtiles) character file.

Game seed: 7197927487620798087

4925 Flugslaktarn the Cleaver (level 10, -5/96 HPs)
             Began as a Deep Dwarf Fighter on Oct 7, 2020.
             Was a Priest of Makhleb.
             Slain by a two-headed ogre
             ... wielding a +0 giant club
              (21 damage)
             ... on level 9 of the Dungeon.
             The game lasted 00:03:52 (5554 turns).

Flugslaktarn the Cleaver (Deep Dwarf Fighter)       Turns: 5554, Time: 00:03:52

Health: -5/96      AC: 14    Str: 21    XL:     10   Next: 27%
Magic:  12/12      EV:  6    Int:  9    God:    Makhleb [***...]
Gold:   353        SH: 11    Dex: 14    Spells: 9/9 levels left

rFire    . . .     SeeInvis +   a - +1 war axe
rCold    . . .     Faith    +   c - +0 kite shield
rNeg     . . .     Spirit   .   b - +0 chain mail
rPois    .         Reflect  .   n - +1 helmet
rElec    .         Harm     .   v - +0 cloak
rCorr    +         Rampage  .   (no gloves)
MR       +....                  (no boots)
Stlth    ..........             f - amulet of faith
HPRegen  0.00/turn              k - ring of resist corrosion
MPRegen  0.13/turn              i - ring of see invisible

@: mighty, non-regenerating
A: damage resistance, heal wounds, sense surroundings 2, no regeneration
a: Heal Wounds, Minor Destruction, Lesser Servant of Makhleb, Renounce Religion


You were on level 9 of the Dungeon.
You worshipped Makhleb.
Makhleb was most pleased with you.
You visited 2 branches of the dungeon, and saw 10 of its levels.

You collected 353 gold pieces.

Inventory:

Hand Weapons
 a - a +1 war axe (weapon)
Armour
 b - a +0 chain mail (worn)
   (You found it on level 5 of the Dungeon)
 c - a +0 kite shield (worn)
 n - a +1 helmet (worn)
   (You found it on level 2 of the Dungeon)
 v - a +0 cloak (worn)
   (You took it off Crazy Yiuf on level 6 of the Dungeon)
Jewellery
 f - an amulet of faith (around neck)
   (You found it on level 2 of the Dungeon)
 i - a ring of see invisible (right hand)
   (You found it on level 2 of the Dungeon)
 k - a ring of resist corrosion (left hand)
   (You found it on level 6 of the Dungeon)
Scrolls
 l - a scroll of magic mapping
 m - 2 scrolls of amnesia
 o - a scroll of immolation
 r - 2 scrolls of identify
 s - 2 scrolls of fear
 t - a scroll of teleportation
 u - a scroll of enchant weapon
 x - 4 scrolls of remove curse
 z - 3 scrolls of blinking
Potions
 d - 2 potions of might
 e - a potion of berserk rage
 g - a potion of mutation
 h - 3 potions of magic
 j - 4 potions of stabbing
 p - a potion of lignification
 q - 2 potions of curing
 w - 2 potions of heal wounds
 y - 2 potions of ambrosia
 A - a potion of brilliance {unknown}


   Skills:
 * Level 8.0 Fighting
 * Level 9.2 Axes
 + Level 7.2 Armour
 + Level 7.2 Shields
 + Level 6.9 Invocations


You had 9 spell levels left.
You didn't know any spells.
Your spell library was empty.

Dungeon Overview and Level Annotations

Branches:
Dungeon (9/15)             Temple (1/1) D:4
   Lair: D:8-11         Orc: D:9-12

Altars:
Ashenzari
Cheibriados
Dithmenos
Elyvilon
Fedhas
Gozag
Hepliaklqana
Kikubaaqudgha
Makhleb
Qazlal
Ru
Sif Muna
Uskayaw
Vehumet
Wu Jian
Xom
Yredelemnul
Zin
The Shining One


Innate Abilities, Weirdness & Mutations

You are resistant to damage.
You can heal yourself by infusing magical energy.
You passively map the area around you.
You do not regenerate.


Message History

* * * LOW HITPOINT WARNING * * *
The two-headed ogre hits you but does no damage.
The two-headed ogre hits you with a +0 giant spiked club.
The bullfrog hits you but does no damage.
The adder barely misses you.
You feel much better. The bullfrog barely misses you.
The two-headed ogre barely misses you.
The two-headed ogre hits you with a +0 giant spiked club!!
* * * LOW HITPOINT WARNING * * *
The adder bites you but does no damage.
You feel much better.
The bullfrog hits you but does no damage.
You block the two-headed ogre's attack.
The two-headed ogre hits you with a +0 giant spiked club!!
* * * LOW HITPOINT WARNING * * *
The adder bites you but does no damage. The bullfrog barely misses you.
The two-headed ogre hits you with a +0 giant club!
* * * LOW HITPOINT WARNING * * *
The two-headed ogre hits you with a +0 giant spiked club!!
You die...

.. ..# , ..........#
#...#..#.##. ####.#,,
.......†..###...#..#.#..
#**#.#
########..##...##..#....
* ..#,, , ,
#..#....#...#*,.# #.# ,,
#......##, .# , * #.# *
* ,##....### , ,
#..####.., , , * *
#S##....., , ,, * ,
##@....... , ,, * ,
#OOF...... ,** **
##Zr......., * , * , ,
*#.†......## , , ,* ,*
*#...†....###, , , *
..........## ,, ,
,............# , , ,
,...........##, , , * ,
,........##'#, * , ,


You could see 2 two-headed ogres, a bullfrog, an adder, a quokka and a centaur
skeleton.

Vanquished Creatures
  Maggie (D:8)
  A hippogriff (D:7)
  4 slime creatures (D:8)
  3 hogs (D:8)
  A yak (D:8)
  A human (D:8)
  Duvessa (D:7)
  A water moccasin (D:6)
  2 ice beasts
  A black bear (D:6)
  An orc warrior (D:7)
  2 sky beasts
  2 ogres
  3 centaurs
  2 big kobolds (D:6)
  A wyvern zombie (D:9)
  A bullfrog (D:9)
  4 scorpions
  Dowan (D:7)
  3 howler monkeys (D:9)
  3 wights (D:6)
  2 bullfrog zombies (D:7)
  5 hounds
  An orc priest (D:7)
  A quasit (D:9)
  2 jellies (D:6)
  7 orc wizards
  Crazy Yiuf (D:6)
  A centaur skeleton (D:5)
  4 iguanas
  7 worker ants
  Terence (D:2)
  A hound zombie (D:7)
  A hound skeleton (D:4)
  A worker ant zombie (D:5)
  A gnoll (D:1)
  11 adders
  A river rat (D:5)
  3 shadow imps
  3 ufetubi
  An ooze (D:6)
  An adder zombie (D:5)
  A worm (D:2)
  A dart slug (D:1)
  3 leopard geckos
  8 orcs
  6 ball pythons
  5 giant cockroaches
  9 goblins
  9 hobgoblins
  12 kobolds
  3 quokkas
  8 bats
  2 frilled lizards
  A jackal zombie (D:7)
  A leopard gecko zombie (D:5)
  7 rats
171 creatures vanquished.

Vanquished Creatures (others)
  5 plants (D:4)
5 creatures vanquished.

Grand Total: 176 creatures vanquished

Notes
Turn   | Place    | Note
-------+----------+-------------------------------------------
     0 | D:1      | Flugslaktarn the Deep Dwarf Fighter began the quest for the
                  | Orb.
     0 | D:1      | Reached XP level 1. HP: 20/20 MP: 1/1
    47 | D:1      | Reached XP level 2. HP: 24/27 MP: 2/2
   270 | D:2      | Reached XP level 3. HP: 26/34 MP: 3/3
   333 | D:2      | Noticed Terence
   346 | D:2      | Killed Terence
   346 | D:2      | Reached skill level 3 in Axes
   437 | D:3      | Reached XP level 4. HP: 23/42 MP: 4/4
   859 | D:4      | Found a staircase to the Ecumenical Temple.
   882 | Temple   | Entered the Ecumenical Temple
   974 | Temple   | Became a worshipper of Makhleb the Destroyer
  1154 | D:4      | Reached XP level 5. HP: 34/50 MP: 4/4
  1291 | D:4      | Reached skill level 4 in Axes
  1291 | D:4      | Reached skill level 1 in Invocations
  1744 | D:4      | Reached XP level 6. HP: 36/57 MP: 6/6
  2013 | D:5      | Entered Level 5 of the Dungeon
  2068 | D:5      | Noticed an ice beast
  2094 | D:5      | Killed an ice beast
  2198 | D:5      | Reached * piety under Makhleb
  2207 | D:5      | Reached XP level 7. HP: 43/66 MP: 7/7
  2218 | D:5      | Found an opulent altar of Gozag.
  2292 | D:5      | Reached skill level 5 in Axes
  2519 | D:5      | Found a shimmering blue altar of Sif Muna.
  2557 | D:5      | Reached skill level 5 in Fighting
  2852 | D:6      | Reached skill level 5 in Armour
  2852 | D:6      | Reached skill level 5 in Shields
  3082 | D:6      | Reached XP level 8. HP: 47/74 MP: 8/8
  3100 | D:6      | Reached skill level 6 in Axes
  3284 | D:6      | Found a glowing golden altar of the Shining One.
  3353 | D:6      | Found a stormy altar of Qazlal.
  3553 | D:6      | Reached ** piety under Makhleb
  3860 | D:6      | Found a runed translucent door.
  3861 | D:6      | Noticed Crazy Yiuf
  3930 | D:6      | Killed Crazy Yiuf
  4132 | D:7      | Reached skill level 7 in Axes
  4234 | D:7      | Noticed a hippogriff
  4245 | D:7      | Killed a hippogriff
  4245 | D:7      | Reached skill level 5 in Invocations
  4245 | D:7      | Gained mutation: You passively map the area around you.
                  | [Deep Dwarf growth]
  4245 | D:7      | Reached XP level 9. HP: 58/85 MP: 10/10
  4342 | D:7      | Found a shadowy altar of Dithmenos.
  4412 | D:7      | Noticed Duvessa
  4413 | D:7      | Noticed Dowan
  4423 | D:7      | Killed Dowan
  4428 | D:7      | Killed Duvessa
  4494 | D:7      | Found a sacrificial altar of Ru.
  4713 | D:8      | Reached *** piety under Makhleb
  4793 | D:8      | Reached skill level 8 in Axes
  5064 | D:8      | Noticed Maggie
  5086 | D:8      | Killed Maggie
  5298 | D:8      | Reached XP level 10. HP: 81/96 MP: 12/12
  5305 | D:8      | Reached skill level 9 in Axes
  5532 | D:9      | Noticed a two-headed ogre
  5533 | D:9      | Noticed a two-headed ogre
  5554 | D:9      | Slain by a two-headed ogre

Illustrated notes

Levels and vault maps discovered:
D:1:      saegor_arrival_miasma, layout_basic
D:2:      layout_rooms, interstate_on_off, uniq_terence
D:3:      layout_rooms
D:4:      layout_basic, minmay_temple_entry_gardened_gates
D:5:      layout_loops_cross, marbit_many_paths, portal_sewer_entry_e,
          grunt_gozag_statues
D:6:      cheibrodos_thug_alley, layout_basic, grunt_qazlal_sundering,
          lemuel_crystal_altar, uniq_crazy_yiuf_cottage
D:7:      layout_loops_ring, nicolae_ru_great_annihilating_truth,
          lemuel_doored_altar, uniq_duvessa
D:8:      layout_basic, grunt_livestock, ebering_dispersal_statue_hall,
          chequers_mini_garden, st_stairs_9, uniq_maggie
D:9:      minmay_quarter_circles, layout_basic, nicolae_overflow_hidden_temple,
          lightli_fourway_metalbox
Temple:   nicolae_temple_elliptical

Skill      XL: |  1  2  3  4  5  6  7  8  9 10 |
---------------+-------------------------------+-----
Fighting       | 3 4 5 6 7 8 |  8.0
Axes           | 3 4 5 7 8 9 |  9.2
Armour         | 4 5 6 7 |  7.2
Shields        | 4 5 6 7 |  7.2
Invocations    | 1 2 3 5 6 |  6.9

Action                   |  1- 3 |  4- 6 |  7- 9 | 10-12 || total
-------------------------+-------+-------+-------+-------++-------
Melee: War axe           |    77 |   203 |   397 |    54 ||   731
 Abil: Heal Wounds       |     1 |     3 |    10 |     4 ||    18
  Use: Scroll            |       |       |    15 |     4 ||    19
       Potion            |       |       |       |     1 ||     1
 Stab: Paralysed         |       |       |     2 |       ||     2
Armor: Scale mail        |    25 |   112 |    13 |       ||   150
       Chain mail        |       |       |   194 |    60 ||   254
Dodge: Dodged            |    16 |    72 |    78 |    17 ||   183
Block: Kite shield       |    34 |   122 |   217 |    41 ||   414

Table legend: (Time is in decaauts)
 A = Elapsed time spent in this place.
 B = Non-inter-level travel time spent in this place.
 C = Inter-level travel time spent in this place.
 D = Time resting spent in this place.
 E = Time spent auto-exploring this place.
 F = Levels seen in this place.
 G = Mean time per level.
                   A        B        C        D        E       F      G
               +--------+--------+--------+--------+--------+-----+--------+
         Total |   5734 |   5409 |    325 |     13 |   3926 |  10 |  573.4 |
       Dungeon |   5614 |   5335 |    279 |     13 |   3854 |   9 |  623.8 |
        Temple |    120 |     74 |     46 |      0 |     72 |   1 |  120.0 |
               +--------+--------+--------+--------+--------+-----+--------+

Top non-repeatable levels by time:
     D:6: 1219 daAuts
     D:4: 1192 daAuts
     D:5: 872 daAuts
     D:8: 661 daAuts
     D:7: 625 daAuts
     D:3: 337 daAuts
     D:1: 270 daAuts
     D:9: 250 daAuts
     D:2: 184 daAuts
  Temple: 120 daAuts
